 Dungeon Crawl Stone Soup version 0.13-a0-2816-gd8154f0 (webtiles) character file.

129 PolkaDot the Vexing (level 3, -1/24 HPs)
             Began as a Vampire Enchanter on Aug 26, 2013.
             Hit by a club thrown by Terence (7 damage)
             ... on Level 2 of the Dungeon.
             The game lasted 00:12:02 (1972 turns).

PolkaDot the Vexing (Vampire Enchanter)             Turns: 1972, Time: 00:12:03

HP  -1/24        AC  3     Str  7      XL: 3   Next: 55%
MP   6/6         EV 12     Int 18      God:
Gold 79          SH  0     Dex 14      Spells:  2 memorised,  0 levels left

Res.Fire  : . . .   See Invis. : +   a - +1 dagger {=f}
Res.Cold  : + . .   Warding    : .   b - +1 robe
Life Prot.: + + .   Conserve   : .   (no shield)
Res.Poison: +       Res.Corr.  : .   (no helmet)
Res.Elec. : .       Clarity    : .   (no cloak)
Sust.Abil.: . .     Spirit.Shd : .   (no gloves)
Res.Mut.  : .       Stasis     : .   (no boots)
Res.Rott. : +       Flight     : .   (no amulet)
Saprovore : . . .                    (no ring)
                                     (no ring)

@: regenerating slowly, slightly resistant to hostile enchantments, stealthy
A: fangs 3, see invisible, unbreathing
a: Bat Form


You were on level 2 of the Dungeon.
You were very thirsty.

You visited 1 branch of the dungeon, and saw 2 of its levels.

You collected 59 gold pieces.

Inventory:

Hand weapons
 a - a +1,+1 dagger (weapon) {=f}
Missiles
 d - 12 darts (quivered)
Armour
 b - a +1 robe (worn)
Scrolls
 f - a scroll of enchant weapon I {unknown}
 g - a scroll of random uselessness {unknown}
 h - 2 scrolls of remove curse {unknown}
 i - a scroll of recharging {unknown}
 j - a scroll of noise {unknown}
Books
 c - a book of Maledictions

   Spells                             Type                      Level
   *Corona                            Hexes                        1
   Sure Blade                         Hexes/Charms                 2
   Ensorcelled Hibernation            Hexes/Ice                    2
   *Confuse                           Hexes                        3
   Enslavement                        Hexes                        4
   Invisibility                       Hexes                        6


   Skills:
 - Level 2.0 Short Blades
 - Level 0.7 Throwing
 + Level 2.1 Dodging
 * Level 3.8 Stealth
 - Level 1.0 Spellcasting
 * Level 5.8 Hexes


You couldn't memorise any spells.
You knew the following spells:

 Your Spells              Type           Power        Failure   Level  Hunger
a - Corona                Hex            ###....      1%          1    ##.....
c - Confuse               Hex            ###.....     6%          3    ####...


Dungeon Overview and Level Annotations

Branches:
Dungeon (2/27)

Altars:

Annotations:
D:2 Terence


Innate Abilities, Weirdness & Mutations

You heal slowly.
You have razor-sharp teeth.*
You have supernaturally acute eyesight.
You can survive without breathing.*


Message History

You close the door.
Terence opens the door.
As you close the door, it creaks loudly!
Terence opens the door.
You close the door.
Terence opens the door.
You close the door.
Terence opens the door.
Terence hits you from afar with a trident.
* * * LOW HITPOINT WARNING * * *
You close the door.
Terence opens the door.
Terence says, "You're history."
You see here a stone.
Terence says, "Time to say good-bye..."
There is an open door here.
You see here a meat ration.
Terence screams, "I'm going to kill you!"
Things that are here:
a club; a goblin corpse Terence picks up a club.
Terence throws a club.
The club hits you!
You die...

...#'###.............#
..............#'#######
..............#.# .....
##............#)##......
#......%...@.@.........
#............#.##.......
#.############.......... #.....#
#..#.......... . #.....#
#.@##.######.##.... #.....#####
#............##....
#.........####...#.##...#.......
########....##...# .. ...#....
#.........# #.. #..#....
######.....##..# #.. #..#...
####.................#...#..#.###
..........................<..>...
####................#########.#.#


You could see Terence.

Vanquished Creatures
  A worm (D:1)
  5 bats (D:1)
  A giant cockroach (D:1)
  9 goblins
  7 hobgoblins
  4 jackals (D:1)
  2 ball pythons
  2 giant newts
  6 kobolds
  3 rats (D:1)
40 creatures vanquished.

Notes
Turn   | Place    | Note
--------------------------------------------------------------
     0 | D:1      | PolkaDot, the Vampire Enchanter, began the quest for the Orb.
     0 | D:1      | Reached XP level 1. HP: 13/13 MP: 4/4
   338 | D:1      | Reached XP level 2. HP: 17/19 MP: 5/5
   521 | D:1      | Reached skill level 5 in Hexes
   801 | D:1      | Reached XP level 3. HP: 6/24 MP: 6/6
  1021 | D:1      | Learned a level 3 spell: Confuse
  1917 | D:2      | Noticed Terence
  1972 | D:2      | Hit by a club thrown by Terence

Action                   || total
-------------------------++-------
Melee: Dagger            ||   184
 Cast: Confuse           ||     2
  Use: Potion            ||     1
 Stab: Sleeping          ||     5
       Confused          ||     1
